[Event "GCT Superbet Rapid Poland 2025"]
[Site "Warsaw"]
[Date "2025.04.28"]
[Round "9.2"]
[White "Aravindh, Chithambaram VR."]
[Black "Firouzja, Alireza"]
[Result "1-0"]
[ECO "C77"]
[WhiteElo "2749"]
[BlackElo "2757"]
[Annotator "TA"]
[PlyCount "174"]
[EventDate "2025.??.??"]
[EventType "rapid"]
[TimeControl "1500+10"]

1. e4 e5 2. Nf3 Nc6 3. Bb5 a6 4. Ba4 Nf6 5. O-O Be7 6. d3 b5 7. Bb3 d6 8. a3 O-O 9. Nc3 Nb8 {[%emt 0:00:04] C77: Ruy Lopez: 3...a6 4 Ba4 Nf6, unusual lines.} 10. a4 {[%emt 0:01:16] 10.Bd2 is a critical line.} b4 11. Ne2 c5 {[%emt 0:00:03] The position is equal.} ({RR} 11... Nbd7 12. Ng3 Nc5 13. Ba2 a5 14. c3 Ba6 15. Bb1 Rb8 16. Be3 Nfd7 17. Bc2 Bf6 18. Re1 g6 19. d4 Ne6 20. Bh6 Re8 21. Qd2 Qe7 22. Nf1 bxc3 23. bxc3 Nb6 24. Ne3 Nc4 25. Nxc4 Bxc4 26. Rab1 {Steindl,J (2252)-Borrmann,L (2425) Vienna AUT 2024 1-0 (55)}) 12. Ng3 Nc6 13. Bg5 $146 (13. c3 bxc3 14. bxc3 Rb8 15. Be3 Be6 16. Rb1 d5 17. Ng5 Bg4 18. f3 Bc8 19. Bf2 {1-0 Matinian,N (2425)-Pashikyan,R (2202) Yerevan Margaryan Memorial IM 2023 (6)}) ({RR} 13. c3 bxc3 14. bxc3 Rb8 15. Be3 Be6 16. Rb1 d5 17. Ng5 Bg4 18. f3 Bc8 19. Bf2 Na5 20. Nxf7 Rxf7 21. Bxd5 Nxd5 22. Rxb8 Nf4 23. d4 cxd4 24. cxd4 Nc6 25. Ra8 Nxd4 26. Bxd4 exd4 27. Qb3 Bc5 {Matinian,N (2425)-Pashikyan,R (2202) Yerevan ARM 2023 1-0 (41)}) ({RR} 13. c3 bxc3 14. bxc3 Rb8 15. Be3 Be6 16. Rb1 d5 17. Ng5 Bg4 18. f3 Bc8 19. Bf2 Na5 20. Nxf7 Rxf7 21. Bxd5 Nxd5 22. Rxb8 Nf4 23. d4 cxd4 24. cxd4 Nc6 25. Ra8 Nxd4 26. Bxd4 exd4 27. Qb3 Bc5 {Matinian,N (2425)-Pashikyan,R (2202) Yerevan ARM 2023 1-0 (41)}) 13... Be6 14. c3 Rb8 15. Bxe6 fxe6 16. d4 bxc3 17. bxc3 {[%emt 0:00:09] White sacrificed a pawn} cxd4 18. cxd4 Nxd4 19. Nxd4 exd4 20. Qxd4 d5 21. Rad1 Rb4 22. Qe5 Qd7 $132 {[%emt 0:01:25][%mdl 2048] Black has counterplay} (22... Rxa4 $2 23. Qxe6+ Kh8 24. exd5 $18 (24. e5 Ng8 $18)) 23. exd5 exd5 24. Nh5 Rxa4 (24... d4 $11) 25. Rxd5 $1 $16 {[%emt 0:03:10] White is more active.} Qg4 (25... Qe8 $16) 26. Bxf6 Bxf6 27. Nxf6+ gxf6 28. Qe7 {[%emt 0:00:44] White attacks} Qe4 29. Qd6 Re8 30. Rdd1 {[%emt 0:00:20] Against Ra1} Qe6 31. Qc7 Rc4 32. Qb7 Qc6 33. Qb3 Kh8 34. g3 (34. Qh3 $16) 34... a5 35. Qa3 Ra4 36. Qb2 Rae4 37. Rc1 Qd6 38. Rcd1 (38. Qb7 $14) 38... Qe6 39. Qb7 a4 40. Qa7 (40. Rd7 $14 Re7 41. Rfd1) 40... Re7 $11 41. Qa5 Kg7 42. Ra1 Qe5 (42... Qc4 $11 {keeps the balance.}) 43. Rxa4 $16 Qxa5 44. Rxa5 {[%emt 0:00:01][%mdl 4096] Endgame KRR-KRR. White is a pawn up.} Kg6 45. Raa1 h5 46. Kg2 R7e5 47. Rfd1 Re2 48. Ra3 Rf5 49. Rf3 Rxf3 50. Kxf3 {[%emt 0:00:02] KR-KR. White is a pawn up.} Ra2 51. Rd4 Rb2 52. Ra4 Rc2 53. Rb4 Ra2 54. Rc4 Rb2 55. Re4 Ra2 56. Re2 Ra4 57. Re4 Ra2 58. Kg2 Rb2 59. Rf4 Ra2 60. h3 Rb2 61. Re4 Ra2 62. Kf3 Rb2 63. Re2 Rb4 64. h4 Ra4 65. Re4 Ra2 66. Ke3 Rb2 67. Rd4 Ra2 68. f3 Ra3+ 69. Kf4 Ra1 70. g4 hxg4 71. fxg4 Rf1+ $1 72. Kg3 Rg1+ $1 73. Kf3 Rf1+ $1 74. Kg2 Ra1 75. Rf4 Ra3 {[%emt 0:00:07] [#]} (75... Ra5 $1 $14) 76. Rf3 ({White should play} 76. Rf5 $1 $16) 76... Ra1 (76... Ra5 $1 $14) 77. Kg3 Ra5 78. Re3 (78. Rd3 $16) 78... Ra1 (78... f5 $1 $14) 79. Re7 {[%emt 0:00:18] White is better.} Ra3+ 80. Kf4 Ra4+ {[%emt 0:00:00] [#]} 81. Re4 $1 Ra7 82. h5+ Kf7 83. Rd4 Rb7 84. Rc4 Ra7 85. Rc5 Rb7 86. Kf5 Kg7 87. Rd5 Ra7 {[%emt 0:00:14] Black escapes into a draw. Weighted Error Value: White=0.13 (very precise) /Black=0.16 (very precise) Mistake: 	White=5 	Black=6 Inaccurate: 	White=3 	Black=7 OK: 	White=17 	Black=26 Best: 	White=5 	Black=2 Strong: 	White=2 	Black=3} 1-0

[Event "GCT Superbet Rapid Poland 2025"]
[Site "Warsaw"]
[Date "2025.04.28"]
[Round "9.3"]
[White "Topalov, Veselin"]
[Black "Fedoseev, Vladimir"]
[Result "1/2-1/2"]
[ECO "C44"]
[WhiteElo "2717"]
[BlackElo "2739"]
[Annotator "TA"]
[PlyCount "154"]
[EventDate "2025.??.??"]
[EventType "rapid"]
[TimeControl "1500+10"]

1. e4 e5 2. Nf3 Nf6 3. d3 Nc6 4. Be2 Be7 5. O-O O-O 6. Nbd2 d5 7. c3 a5 8. a4 {[%emt 0:00:13] C44: Ponziani Opening and Scotch Gambit.} ({RR} 8. h3 Re8 9. Re1 h6 10. Qc2 Bf8 11. Bf1 a4 12. exd5 Qxd5 13. Ne4 Qd8 14. Ng3 b6 15. Bd2 Bb7 16. Rad1 Qd5 17. Qb1 Rad8 18. Ne4 Qe6 19. a3 Na5 20. Qc2 Nxe4 21. dxe4 Qc6 22. Bc1 Rxd1 {Movsesian,S (2658)-Leko,P (2707) Berlin 2015 ½-½ (37)}) 8... Be6 $146 ({RR} 8... h6 9. Qc2 Be6 10. Re1 dxe4 11. dxe4 Bc5 12. Bb5 Nd7 13. Nc4 Qf6 14. Be3 Bxe3 15. Nxe3 Ncb8 16. Rad1 Nc5 17. Nd5 Bxd5 18. Rxd5 c6 19. Rxe5 Nbd7 20. Rf5 Qe6 21. Bf1 Rae8 22. e5 Nxa4 23. Rf4 {Espig,L-Thal,O Erfurt 1973 ½-½ (71)}) ({RR} 8... h6 9. Re1 Be6 10. Qc2 Re8 11. Nf1 Qd7 12. Ng3 Bc5 13. h3 Rad8 14. Bf1 Bb6 15. Nh4 dxe4 16. dxe4 Ne7 17. Ngf5 Nxf5 18. Nxf5 Kh7 19. Be3 Bxf5 20. Bxb6 Bxe4 21. Rxe4 Nxe4 22. Bb5 Qf5 23. g4 {Hamitevici,V (2423)-Michelle Catherina,P (2165) chess.com INT 2025 1-0 (33)}) ({RR} 8... Re8 9. Qc2 Bf8 10. Re1 g6 11. Nf1 Bg7 12. Bd2 h6 13. Ng3 Be6 14. h3 Qd6 15. Rad1 Nd7 16. Nh2 Nc5 17. Ng4 Qf8 18. b4 axb4 19. cxb4 Nxa4 20. exd5 Bxd5 21. Bxh6 Nd4 22. Qc1 f5 23. Bxg7 {Kristiansen,T (2250)-Kaiszauri,K (2360) Gausdal 1981 0-1}) ({RR} 8... Re8 9. Qc2 b6 10. d4 exd4 11. Bb5 Bd7 12. exd5 Nxd5 13. Qb3 Nf6 14. cxd4 Bb4 15. Nc4 Ne7 16. Nce5 Be6 17. Qc2 Rf8 18. Bg5 Nfd5 {½-½ (18) Oliver,N-Hartoch,R (2390) London 1982}) 9. Qc2 Nd7 10. exd5 $146 (10. Re1 dxe4 11. dxe4 Nc5 12. Nc4 f6 13. Nfd2 Rf7 14. Ne3 Bf8 15. b3 Rd7 16. Nd5 {0-1 Zlatanovic,Z (2145)-Panic,M (2281) SRB-chT3 East 2015 (10.42)}) 10... Bxd5 11. Nc4 f5 12. Ne3 Be6 13. Rd1 Qe8 14. d4 {[%emt 0:02:10] [#]} f4 15. Bc4 $1 Bxc4 16. Nxc4 exd4 17. cxd4 Nb4 18. Qe4 Qf7 {[%emt 0:02:01] [#]} 19. Bxf4 $1 Rae8 20. Nce5 {[%emt 0:00:45] White has more active pieces.} (20. Nxa5 b6 21. Nb7 (21. Bxc7 Bd6 $17) (21. Nc6 Nxc6 22. Qxc6 Nb8 $11) 21... Nf6 $17) (20. Rdc1 $14) 20... Qxf4 $11 21. Qxf4 (21. Qxb7 $2 Nxe5 22. dxe5 Kh8 23. Qxc7 Qf5 24. Qxa5 Nd3 $17) 21... Rxf4 22. Nxd7 Bd6 (22... Rd8 $11 23. Nc5 Bxc5 24. dxc5 Rxd1+ 25. Rxd1 Rf5) 23. Rac1 ({White should play} 23. Kf1 $14) 23... Re2 24. b3 g5 25. h3 $36 {[%emt 0:01:30][%cal Od1e1][%mdl 2048] White is pushing.} (25. Nxg5 Rfxf2 (25... Rexf2 $2 26. Nh3 $18) 26. Kh1 Rxg2 $17) 25... h5 $1 26. Re1 (26. Nxg5 $2 Rfxf2 (26... Rexf2 27. Rf1 $16) 27. Kh1 Rxg2 $19) 26... Rb2 27. Re6 g4 28. hxg4 hxg4 (28... Nd3 $11 {is more appropriate.} 29. Rf1 hxg4) 29. Nfe5 $14 Rfxf2 (29... Bxe5 $1 $14 30. Nxe5 c6) 30. Rg6+ $16 (30. Nxg4 $2 Rxg2+ 31. Kh1 Rxg4 $19) 30... Kh7 (30... Kh8 $16) 31. Rxg4 (31. Nf6+ $18 Rxf6 32. Rxf6) 31... Nd5 $1 $14 32. Re1 {[%emt 0:00:49] Inhibits Ne3.} Rf4 33. Rxf4 (33. Rg3 {seems wilder.} Rf5 34. Rh3+ Kg7 35. Re4) 33... Nxf4 34. Re4 Rb1+ (34... Rxg2+ $2 35. Kf1 $18) 35. Kf2 Rb2+ 36. Kf3 Nd5 ({Black should try} 36... Ne6 $1 $14) 37. Rh4+ $18 Kg7 38. Rg4+ Kh7 39. Ke4 c6 40. Nc4 Re2+ 41. Kf3 Re6 42. Re4 (42. Nxa5 Re3+ 43. Kf2 Bb4 $16) 42... Rg6 43. g4 Bb4 44. Nce5 Rh6 45. Kg3 {[%emt 0:00:05] Wards off Rh3+} (45. Kg2 $16) 45... Be7 {[%emt 0:00:04] Dodges g5} (45... Rh1 $11) 46. Nc5 Nc3 (46... b5 $16 {was necessary.} 47. Nb7 b4) 47. Re3 Nd5 48. Rf3 b6 49. Ne4 Re6 50. g5 Kg8 $2 (50... Bc5) 51. Kg4 Bd8 52. Kf5 Re8 53. Nxc6 {[%emt 0:00:03] A dynamic duo of knights.} (53. Nf6+ $142 Bxf6 54. gxf6 Nxf6 55. Rg3+ (55. Kxf6 Rd8 $18) 55... Kf8 56. Kxf6) 53... Kg7 54. Nxd8 Rxd8 {[%emt 0:00:02][%mdl 4096] Endgame KRN-KRN. White is two pawns up.} 55. Nf6 Ne7+ 56. Ke4 ({Weaker is} 56. Ke6 Nc6 $18) 56... Kg6 57. d5 Kxg5 58. Ke5 Ng6+ 59. Ke6 Nf4+ 60. Ke7 Ra8 61. d6 Ng6+ 62. Ke6 Nf4+ 63. Ke5 Ng6+ 64. Ke4 Rd8 65. Rf5+ Kh6 66. Rd5 Kg7 67. Ng4 Nf8 68. Ne5 Kf6 69. d7 $2 (69. Rd3 $18 {Threatens to win with Kd5.} Re8 70. Rf3+ Ke6 71. Nc4) 69... Ke6 $14 70. Rb5 (70. Nc6 {simplifies} Rxd7 71. Nd4+ Ke7 72. Rb5) 70... Nxd7 {[%emt 0:00:04] The position is equal.} 71. Nxd7 Kxd7 72. Rxb6 $11 {[%emt 0:00:02] KR-KR. White is a pawn up.} Kc7 73. Rb5 Kc6 74. Ke5 Rd7 75. Ke6 Rd6+ 76. Ke7 Rd7+ 77. Ke8 {[%emt 0:00:01][%cal Ob5c5] Rc5+! would kill now.} Rd3 {[%emt 0:00:15] Black escapes into a draw. Weighted Error Value: White=0.27 (precise) /Black=0.44 Missed win: 	White=1 	--- Mistake: 	White=4 	Black=8 Inaccurate: 	White=3 	Black=4 OK: 	White=17 	Black=18 Best: 	White=9 	Black=6 Strong: 	White=1 	Black=2} 1/2-1/2

[Event "GCT Superbet Rapid Poland 2025"]
[Site "Warsaw"]
[Date "2025.04.28"]
[Round "9.4"]
[White "Deac, Bogdan-Daniel"]
[Black "Vachier-Lagrave, Maxime"]
[Result "1/2-1/2"]
[ECO "A33"]
[WhiteElo "2668"]
[BlackElo "2722"]
[Annotator "TA"]
[PlyCount "104"]
[EventDate "2025.??.??"]
[EventType "rapid"]
[TimeControl "1500+10"]

1. Nf3 Nf6 2. c4 c5 3. Nc3 Nc6 4. d4 cxd4 5. Nxd4 e6 6. Bf4 d5 7. cxd5 {[%emt 0:00:08] A33: Symmetrical English: 2 Nf3 Nf6 3 d4 cxd4 4 Nxd4 e6 5 Nc3 Nc6.} Nxd5 8. Nxc6 bxc6 9. Bd2 Rb8 (9... Bb4 $11) ({RR} 9... Bb4 10. Qc2 Nxc3 11. Bxc3 Qa5 12. Bxb4 Qxb4+ 13. Qd2 c5 14. e3 Bb7 15. a3 Qb6 16. Qc3 O-O 17. Bc4 Qc6 18. f3 Ba6 19. O-O Rab8 20. Rf2 Bxc4 21. Qxc4 Rb5 22. Rc1 Qb6 23. Rcc2 Rd8 24. Rfd2 {Subelj,J (2524)-Muradli,M (2584) Eforie Nord ROU 2025 ½-½ (31)}) 10. e4 $14 Nf6 ({RR} 10... Nxc3 11. Bxc3 Qxd1+ 12. Kxd1 f6 13. e5 Kf7 14. Bc4 Bb4 15. Kc2 Rd8 16. Rad1 Rxd1 17. Rxd1 Bxc3 18. Kxc3 Ke7 19. exf6+ gxf6 20. Rd3 Bd7 21. Rh3 Rh8 22. Rh6 e5 23. Bd3 Kf7 24. Rxh7+ Rxh7 25. Bxh7 {Giri,A (2777)-Vachier Lagrave,M (2763) chess24.com INT 2021 1-0 (44)}) 11. Bf4 $146 (11. Qc2 Bb4 12. Be2 O-O 13. O-O e5 14. Rfd1 Be6 15. Be3 Qa5 16. Na4 Be7 17. b3 {0-1 Gulkov,I (2358)-Sjugirov,S (2675) Titled Tuesday intern op 27th Oct blitz 2020 (1)}) ({RR} 11. Qc2 Qb6 12. Na4 Qd4 13. Bd3 Ng4 14. Bc3 Bb4 15. O-O Bxc3 16. Qxc3 Qxc3 17. bxc3 Ne5 18. Be2 Kd8 19. Rab1 Rxb1 20. Rxb1 Nd7 21. f3 Kc7 22. Rd1 g5 23. Kf2 h5 24. Ke3 h4 25. Bd3 Rh5 {Hernandez,G (2329)-Mekhitarian,K (2448) Vitoria 2006 ½-½ (33)}) ({RR} 11. Qc2 Bb4 12. Be2 O-O 13. O-O e5 14. Rfd1 Be6 15. Be3 Qa5 16. Na4 Be7 17. b3 c5 18. f3 Rfc8 19. Nb2 Qc7 20. Nc4 Nd7 21. Rac1 Nb6 22. Qc3 Nd7 23. Qa5 Qc6 24. Qc3 f6 25. Na5 Qc7 {Gulkov,I (2358)-Sjugirov,S (2675) Chess.com INT 2020 0-1}) ({RR} 11. Qc2 Bd6 12. Be2 O-O 13. O-O Qc7 14. h3 Bb7 15. Bg5 Be7 16. Bd3 Ng4 17. hxg4 Bxg5 18. Na4 Bf6 19. Nc5 Bc8 20. Rab1 Qf4 21. Be2 Bd4 22. Nb3 Bb6 23. Qd3 Rd8 24. Qf3 Qe5 25. Bc4 Bb7 {Feller,S (2228)-Vachier Lagrave,M (2525) France 2005 0-1 (40)}) 11... Qxd1+ 12. Nxd1 Rb6 13. f3 {[%emt 0:04:36][%csl Oa7,Oc6] Black has weak pawns} Bc5 14. Rc1 Bd4 {[%emt 0:00:02] [#]} 15. b3 $1 c5 16. Be3 {[%emt 0:02:59] Hoping for Bxd4.} Bxe3 17. Nxe3 Nd7 18. Nc4 Rb8 19. Kf2 Ke7 20. Na5 Rb6 {[%emt 0:00:03] Repels Nc6+} 21. Bc4 h5 22. h4 Ba6 23. Rhd1 Rc8 24. Ke3 Rc7 25. Rd2 {[%emt 0:00:28] White has more active pieces.} Ne5 26. Rc3 f6 27. Bxa6 Rxa6 28. b4 Nd7 29. Rdc2 Rc8 30. Nb3 (30. Nb7 Rb6 31. Nxc5 Rxb4 32. Nxd7 Rxc3+ 33. Rxc3 Kxd7 34. Ra3) 30... Ra4 31. bxc5 ({But not} 31. Nxc5 Rxb4 32. a3 Rb5 $11) 31... Ne5 32. c6 Rc7 33. Nd4 a6 {[%emt 0:00:14] Repels Nb5} 34. Ne2 g6 35. Nf4 Rb4 36. Kf2 Rb6 {[%emt 0:00:12][%cal Oe7f7] [#]} 37. Kg3 (37. Ke2 $1 $16) 37... Kf7 $11 {[%emt 0:00:07] The position is equal.} 38. Nd3 Nxd3 39. Rxd3 {[%emt 0:00:01][%mdl 4096] Endgame KRR-KRR. White is a pawn up.} Ke7 {[%emt 0:00:52] Repels Rd7+} 40. Rdc3 Kd6 41. Rd2+ Ke7 {[%emt 0:00:01] [#]} 42. e5 $1 fxe5 (42... Rcxc6 {simplifies} 43. exf6+ Kxf6 44. Rcd3 Rb4) (42... Rbxc6 43. exf6+) 43. Rc5 Rbxc6 44. Rxe5 Rc5 45. Re4 Rc4 46. Rde2 Rxe4 47. Rxe4 {[%emt 0:00:01] KR-KR} Rc5 48. Rb4 Kf6 49. Rf4+ Ke7 50. Rb4 Kf6 51. Rf4+ Ke7 52. Rb4 Kf6 {[%emt 0:00:11] Weighted Error Value: White=0.07 (flawless) /Black=0.05 (flawless) Mistake: 	White=1 	Black=1 Inaccurate: 	White=1 	Black=1 OK: 	White=16 	Black=22 Best: 	White=1 	Black=4 Strong: 	White=1 	---} 1/2-1/2

[Event "GCT Superbet Rapid Poland 2025"]
[Site "Warsaw"]
[Date "2025.04.28"]
[Round "9.5"]
[White "Aronian, Levon"]
[Black "Gavrilescu, David"]
[Result "1/2-1/2"]
[ECO "D45"]
[WhiteElo "2747"]
[BlackElo "2554"]
[Annotator "TA"]
[PlyCount "124"]
[EventDate "2025.??.??"]
[EventType "rapid"]
[TimeControl "1500+10"]

1. c4 e6 2. Nc3 d5 3. d4 c6 4. e3 Nf6 5. Nf3 a6 6. b3 Bb4 7. Bd2 Nbd7 8. Bd3 O-O 9. O-O {[%emt 0:00:20][%cal Oc3d5] D45: Semi-Slav: 5 e3.} Bd6 10. Rc1 h6 ({RR} 10... e5 11. cxd5 cxd5 12. dxe5 Nxe5 13. Nxe5 Bxe5 14. Ne2 Ng4 15. f4 Bb8 16. h3 Nf6 17. Bc3 Ba7 18. Bd4 Bxd4 19. Nxd4 Re8 20. Qf3 Qd6 21. Rc2 Bd7 22. Rfc1 Re7 23. g4 Rae8 24. Re2 b5 25. Kg2 {Xiu Deshun (2514)-Xiao,T (2518) Fuling CHN 2024 1-0 (99)}) 11. Ne2 e5 $146 (11... b6 12. Ng3 Bb7 13. Bc3 c5 14. cxd5 Nxd5 15. Ba1 Rc8 16. Bb1 Be7 17. Qd3 N5f6 {1-0 Aronian,L (2786)-Jakovenko,D (2736) Wch Blitz 4th 2009 (2)}) ({RR} 11... b6 12. Ng3 Bb7 13. Bc3 c5 14. cxd5 Nxd5 15. Ba1 Rc8 16. Bb1 Be7 17. Qd3 N5f6 18. e4 g6 19. d5 exd5 20. exd5 Nxd5 21. Nf5 Bf6 22. Nd6 Nb4 23. Qe3 Bxf3 24. Bxf6 Qxf6 25. Nxc8 Rxc8 26. Qxf3 {Aronian,L (2786)-Jakovenko,D (2736) Moscow 2009 1-0 (77)}) 12. dxe5 Nxe5 13. Nxe5 Bxe5 14. cxd5 (14. Qc2 $11) 14... Qxd5 $15 {[%emt 0:05:36] [#]} 15. Nd4 c5 16. Bc4 Bxh2+ {[%emt 0:00:26] A sharp opening} 17. Kxh2 Qd6+ 18. Kg1 cxd4 19. exd4 (19. Qf3 {keeps more tension.} d3 20. Rc3 Bg4 21. Qxb7 Be2 22. Bxf7+ Kh8 23. Rc6) 19... Be6 (19... Bg4 $15 {was preferable.} 20. Qc2 b5 (20... Qxd4 21. Bc3 $11)) 20. Qf3 Bxc4 21. Rxc4 Nd5 {[%emt 0:01:40] Prevents Bb4.} 22. Rc5 Rad8 23. Re1 b6 24. Rc4 Rfe8 25. Rec1 Qe7 26. a4 Nf6 27. a5 bxa5 28. Bxa5 Rb8 29. Bc7 Rb5 30. Be5 Nd7 31. Bg3 Qe6 {[%emt 0:00:24] Dodges d5} 32. Rc6 Qxb3 33. Qg4 f5 34. Qh4 (34. Qg6 $5 Qf7 $8 35. Qxf7+ (35. Rxa6 Qxg6 36. Rxg6 Nf6 $11) 35... Kxf7 36. Rxa6 $14) 34... Qf7 35. Bf4 Rb6 36. Rxb6 Nxb6 37. Rc6 Nd7 {[%emt 0:00:12] ...Nf6 is in the air} 38. Rxa6 (38. f3 $11) 38... Nf6 {[%emt 0:00:12] ...Re1+ would now be deadly.} 39. f3 {[%emt 0:01:11][%cal Of4h6] [#]} Re6 (39... Qb7 $1 $17 40. Rxf6 Qb1+ 41. Kh2 Re1 (41... gxf6 $2 {is the wrong capture.} 42. Qxf6 Qe1 43. Qg6+ Kf8 44. Bg3 $18) 42. Qxe1 (42. Rb6 $2 {is a self mate.} Rh1+ 43. Kg3 Qe1#) 42... Qxe1) 40. Ra5 Nd7 41. d5 Re8 42. Qf2 Nf6 43. Qd2 Nh5 44. d6 Nxf4 45. Qxf4 $11 {[%emt 0:00:01][%mdl 4096] Endgame KQR-KQR} Rf8 (45... Rd8 {simplifies} 46. Qe5 Qf6 47. Qxf6 gxf6 48. Rxf5 Rxd6 49. g4 Kg7) 46. Qd4 Rd8 $1 {[%emt 0:00:09] The position is equal.} 47. Ra7 Qf6 48. Qxf6 gxf6 {[%emt 0:00:01] KR-KR} 49. d7 Kf7 50. Kh2 Ke7 51. Kh3 Rxd7 52. Rxd7+ Kxd7 {[%emt 0:00:01] K3P-KPP. Black is a pawn up.} 53. Kh4 Ke6 54. Kh5 Ke5 55. Kxh6 {[%emt 0:00:01] KPP-KPP} Kf4 56. Kg6 (56. Kg7 $5 Kg5 $8 (56... Kg3 $2 57. Kxf6 Kf4 58. Kg6 $18) 57. Kf8 $11) 56... Ke5 57. Kg7 {[%emt 0:00:32] Strongly threatening g3.} (57. g3 $5 f4 $8 58. g4 $11) 57... f4 58. Kg6 Ke6 59. Kh5 Kd5 60. Kg6 Ke6 61. Kh5 $1 Kd5 62. Kg6 Ke6 {[%emt 0:00:15] Weighted Error Value: White=0.11 (very precise) /Black=0.11 (very precise) Mistake: 	White=2 	Black=2 Inaccurate: 	White=9 	Black=6 OK: 	White=14 	Black=24 Best: 	White=2 	Black=2 Strong: 	White=1 	Black=1} 1/2-1/2

[Event "GCT Superbet Blitz Poland 2025"]
[Site "Warsaw"]
[Date "2025.04.28"]
[Round "1"]
[White "Aronian, Levon"]
[Black "Topalov, Veselin"]
[Result "1-0"]
[ECO "B51"]
[WhiteElo "2747"]
[BlackElo "2717"]
[Annotator "RC"]
[PlyCount "91"]
[EventDate "2025.??.??"]
[EventType "blitz"]
[TimeControl "300+2"]

1. e4 {[%emt 0:00:01] Ramirez Alvarez,Alejandro} c5 2. Nf3 Nc6 3. Bb5 d6 4. Bxc6+ bxc6 5. e5 dxe5 ({RR} 5... d5 6. c4 Bg4 7. h3 Bh5 8. g4 Bg6 9. Nc3 e6 10. Qa4 Qd7 11. d4 Be4 12. Nxe4 dxe4 13. Ng5 cxd4 14. Nxe4 c5 15. Qxd7+ Kxd7 16. Bf4 Rb8 17. O-O-O Rb6 18. Rd3 f5 19. gxf5 exf5 20. Nc3 {Wieczorek,Z (2105)-Winkels,M (1885) chess.com INT 2025 1-0}) 6. Nxe5 Qd5 ({RR} 6... f6 7. Qh5+ g6 8. Nxg6 hxg6 9. Qxh8 Qd5 10. O-O Kf7 11. Nc3 Qd4 12. d3 Bg7 13. Qh7 f5 14. Ne2 Qd6 15. Nf4 Bd7 16. Nh3 Be8 17. Ng5+ Kf8 18. Re1 e5 19. Bf4 Bf6 ({RR} 19... exf4 20. Ne6+) ({RR} 19... Rb8 20. Qxg7+) 20. Qb7 Bxg5 21. Bxe5 {Caruana,F (2787)-Nakamura,H (2793) Saint Louis 2015 CBM 169 Extra [Ramirez Alvarez,Alejandro] 1-0}) 7. Nf3 Qe6+ ({RR} 7... Bg4 8. Nc3 Bxf3 9. Qxf3 Qxf3 10. gxf3 Nh6 11. Na4 Nf5 12. c3 e6 13. d3 O-O-O 14. Ke2 h5 15. Be3 Rd5 16. f4 Be7 17. a3 g5 18. fxg5 Nxe3 19. fxe3 Rxg5 20. Raf1 f5 21. b4 cxb4 22. axb4 {Aronian,L (2785)-Xiong,J (2685) Chess.com INT 2022 ½-½ (34)}) 8. Kf1 $146 ({RR} 8. Qe2 Qxe2+ 9. Kxe2 Ba6+ 10. Ke1 f6 11. d3 e5 12. b3 Ne7 13. Nc3 Nd5 14. Ne4 Nb4 15. Kd1 O-O-O 16. Nfd2 Be7 17. a3 Nd5 18. Bb2 g6 19. h4 h6 20. Nc4 Bxc4 21. bxc4 Nb6 22. Ke2 Na4 {Grant,D (2103)-Varnam,L (2046) Vrnjacka Banja SRB 2024 1-0 (53)}) ({RR} 8. Qe2 Qxe2+ 9. Kxe2 Ba6+ 10. d3 c4 11. Rd1 cxd3+ 12. cxd3 f6 13. b3 e5 14. Ba3 Ne7 15. Bxe7 Bxe7 16. Nbd2 Kf7 17. Rac1 Rhd8 18. Nc4 Rd5 19. Ne1 Rad8 20. f3 Ke6 21. Ne3 R5d6 22. Nc4 R6d7 {Segerberg,T (2075)-Gohil,H (2322) Dresden 2016 ½-½ (80)}) ({RR} 8. Qe2 Qxe2+ 9. Kxe2 Ba6+ 10. Ke1 f6 11. d3 e5 12. b3 Ne7 13. Nc3 Nd5 14. Ne4 Nb4 15. Kd1 O-O-O 16. Nfd2 Be7 17. a3 Nd5 18. Bb2 g6 19. h4 h6 20. Nc4 Bxc4 21. bxc4 Nb6 22. Ke2 Na4 {Grant,D (2103)-Varnam,L (2046) Vrnjacka Banja SRB 2024 1-0 (53)}) 8... c4 9. b3 Nf6 10. Nc3 g6 11. Bb2 Bg7 12. Qe2 O-O 13. Qxe6 Bxe6 14. Nd4 Bd5 15. Re1 Rfe8 16. bxc4 Bxc4+ 17. d3 Bd5 18. Nb3 Nd7 19. Na4 Bxb2 20. Nxb2 c5 21. f3 Rac8 22. c4 Bc6 23. Kf2 f6 24. Re2 Kf7 25. Rc1 Ba8 26. Na5 e5 27. Nd1 Nf8 28. Ne3 Red8 29. Rc3 Ne6 30. Rd2 Rc7 31. Ra3 Rcd7 32. Nb3 Nf4 33. Nxc5 Rc7 34. Na4 f5 35. Nb2 Ne6 36. Ra5 Kf6 37. Na4 e4 38. fxe4 fxe4 39. Nc3 exd3 40. Ncd5+ Bxd5 41. Nxd5+ Rxd5 42. cxd5 Rc2 43. Ke3 Nf4 44. Rxc2 dxc2 45. Kd2 Ke5 46. Rxa7 1-0

[Event "GCT Superbet Blitz Poland 2025"]
[Site "Warsaw"]
[Date "2025.04.28"]
[Round "1"]
[White "Vachier-Lagrave, Maxime"]
[Black "Fedoseev, Vladimir"]
[Result "0-1"]
[ECO "C42"]
[WhiteElo "2722"]
[BlackElo "2739"]
[Annotator "RC"]
[PlyCount "106"]
[EventDate "2025.??.??"]
[EventType "blitz"]
[TimeControl "300+2"]

1. e4 e5 2. Nf3 Nf6 3. Nxe5 d6 4. Nf3 Nxe4 5. Nc3 Nf6 6. d4 Be7 7. Bd3 O-O 8. O-O Bg4 9. h3 Bh5 10. Re1 Nc6 ({RR} 10... Re8 11. g4 Bg6 12. Bxg6 hxg6 13. d5 c6 14. Bf4 Nbd7 15. dxc6 bxc6 16. Bxd6 Bxd6 17. Qxd6 Ne5 18. Qxe5 Rxe5 19. Rxe5 Qb6 20. b3 Nd7 21. Re3 Nf8 22. Rd1 Rd8 23. Rde1 Ne6 24. Ne4 Qa5 25. a4 {Giri,A (2764)-Artemiev,V (2708) Chess.com INT 2020 ½-½ (60)}) 11. g4 ({RR} 11. Be2 Re8 12. d5 Nb8 13. Bg5 Nbd7 14. Nd4 Bxe2 15. Qxe2 h6 16. Bh4 Ne5 17. Nf5 Ng6 18. Nxe7+ Rxe7 19. Bxf6 Rxe2 20. Bxd8 Rxe1+ 21. Rxe1 Rxd8 22. Nb5 a6 23. Nxc7 Kf8 24. Re3 Ne5 25. b4 g5 {Smieszek,W (2457)-Kacharava,N (2651) Chess.com 2024 0-1 (46)}) 11... Bg6 12. g5 $146 ({RR} 12. Bxg6 hxg6 13. d5 Nb8 14. Bf4 Nbd7 15. Qd2 Re8 16. Re2 Bf8 17. Rxe8 Qxe8 18. Re1 Qd8 19. Ng5 Nb6 20. Nge4 Nxe4 21. Nxe4 Qd7 22. b3 Re8 23. c4 Qc8 24. Re3 Nd7 25. Qe2 Ne5 26. Bg3 a6 {Sjugirov,S (2703)-Radjabov,T (2723) Samarkand UZB 2023 ½-½ (58)}) ({RR} 12. Bxg6 hxg6 13. d5 Nb8 14. Bf4 Nbd7 15. Qd2 Re8 16. Re2 Bf8 17. Rxe8 Qxe8 18. Re1 Qd8 19. Ng5 Nb6 20. Nge4 Nxe4 21. Nxe4 Qd7 22. b3 Re8 23. c4 Qc8 24. Re3 Nd7 25. Qe2 Ne5 26. Bg3 a6 {Sjugirov,S (2703)-Radjabov,T (2723) Samarkand UZB 2023 ½-½ (58)}) ({RR} 12. Bxg6 hxg6 13. d5 Nb8 14. Bf4 Nbd7 15. Qd2 Re8 16. Re2 Bf8 17. Rxe8 Qxe8 18. Re1 Qd8 19. Ng5 Nb6 20. Nge4 Nxe4 21. Nxe4 Qd7 22. b3 Re8 23. c4 Qc8 24. Re3 Nd7 25. Qe2 Ne5 26. Bg3 a6 {Sjugirov,S (2703)-Radjabov,T (2723) Samarkand UZB 2023 ½-½ (58)}) 12... Nd7 13. Nd5 Nb6 14. Nxe7+ Nxe7 15. Nh4 Bxd3 16. Qxd3 Qd7 17. c4 Rae8 18. Bd2 f6 19. b3 fxg5 20. Bxg5 Nc6 21. Ng2 Qf7 22. Bf4 Nd7 23. a3 Nf6 24. d5 Ne5 25. Bxe5 dxe5 26. Re2 b6 27. Rae1 e4 28. Qd4 Qd7 29. Qc3 Qf5 30. Qg3 Rf7 31. f3 Nh5 32. Qg4 Qxf3 33. Rxe4 Rxe4 34. Rxe4 Qxg4 35. Re8+ Rf8 36. Rxf8+ Kxf8 37. hxg4 Nf6 38. Ne3 Ne4 39. Kg2 Ke7 40. b4 Kf6 41. Kf3 Ke5 42. Ke2 Kd4 43. Nf5+ Kxc4 44. Nxg7 Kxd5 45. Ne8 c5 46. bxc5 bxc5 47. Ke3 Ke5 48. Nc7 Nf6 49. Nb5 a6 50. Na7 Nxg4+ 51. Kf3 Nf6 52. Nc6+ Kd5 53. Na5 c4 0-1